 Dungeon Crawl Stone Soup version 0.31.0-11-ge490571c62 (webtiles) character file.

Game seed: 9695696922788633221

184 Arcadio the Sneak (level 5, -8/42 HPs)
             Began as a Naga Ice Elementalist on Jan 29, 2024.
             Was a Believer of Lugonu.
             Killed by psychic fangs
             ... invoked by a brain worm
              (12 damage)
             ... in a sewer.
             The game lasted 00:08:04 (2057 turns).

Arcadio the Sneak (Naga Ice Elementalist)           Turns: 2057, Time: 00:08:06

Health: -8/42      AC:  8    Str: 10    XL:     5   Next: 63%
Magic:  0/10       EV:  7    Int: 18    God:    Lugonu [**....]
Gold:   133        SH:  5    Dex: 11    Spells: 3/10 levels left

rFire   . . .        c - +2 dagger (venom)
rCold   . . .        (no shield)
rNeg    . . .        a - +0 robe
rPois   +            (no helmet)
rElec   .            g - +0 cloak
rCorr   .            i - +0 pair of gloves
SInv    +            e - +0 barding
Will    .....        l - amulet of reflection
Stlth   +++          k - ring of flight
HPRegen 0.27/turn    (no ring)
MPRegen 0.12/turn

%: reflection
@: freezing walls, flying, very slow
A: AC +1, large, see invisible, deformed body, poison resistance, slowness 2,
spit poison 1, naga tail 1
a: Spit Poison, Renounce Religion, Depart the Abyss, Banish


You were in a sewer.
You worshipped Lugonu.
Lugonu was pleased with you.
You visited 1 branch of the dungeon, and saw 3 of its levels.
You also visited: Sewer.

You collected 133 gold pieces.

Inventory:

Hand Weapons
 c - a +2 dagger of venom (weapon)
Armour
 a - a +0 robe (worn)
 e - a +0 barding (worn)
 g - a +0 cloak (worn)
 i - a +0 pair of gloves (worn)
Jewellery
 k - a ring of flight (left hand)
 l - an amulet of reflection (around neck)
Scrolls
 h - a scroll of silence {unknown}
 j - a scroll of noise {unknown}
Potions
 b - 2 potions of magic
 d - a potion of curing {unknown}
 f - a potion of mutation {unknown}


   Skills:
 - Level 1.5 Dodging
 + Level 5.7 Stealth
 + Level 3.3 Spellcasting
 + Level 5.0 Ice Magic


You had 3 spell levels left.
You knew the following spells:

 Your Spells              Type           Power      Damage    Failure   Level
a - Freeze                Ice            84%        1d9       1%          1
b - Frozen Ramparts       Ice            42%        1d7       6%          3
c - Ozocubu's Armour      Ice            21%        N/A       6%          3

Your spell library contained the following spells:

 Spells                   Type           Power      Damage    Failure   Level
 Summon Ice Beast         Ice/Summ       12%        N/A       17%         3
 Call Imp                 Summ           6%         N/A       24%         2
 Sublimation of Blood     Necr           3%         N/A       24%         2
 Summon Hydra             Summ           1%         N/A       100%        7


Dungeon Overview and Level Annotations

Branches:
Dungeon (3/15)              Sewer (1/1)

Altars:
Lugonu


Innate Abilities, Weirdness & Mutations

Your serpentine skin is tough. (AC +1)
You have supernaturally acute eyesight. (SInv)
Armour fits poorly on your strangely shaped body.
Your system is resistant to poisons. (rPois)
You cover ground very slowly.
You can spit poison.
You have a snake-like lower body.


Message History

The brain worm is moderately wounded.
The brain worm's bulging head throbs.
Something gnaws on your mind!
You feel your power leaking away.
Okay, then.
You have got your breath back.
A river rat comes into view.
Casting: Frozen Ramparts (dangerous; 6% risk of failure)
Confirm with . or Enter, or press ? or * to list all spells.
Aiming: Freeze (safe; 1% risk of failure)
Press: ? - help, Shift-Dir - straight line, f - river rat, p - brain worm
Aim: a river rat (water)
You freeze the river rat.
The river rat is moderately wounded.
The river rat squeaks loudly.
A river rat comes into view.
The wall freezes the river rat.
You block the river rat's attack.
The river rat bites the plant!
The plant begins to die.
The brain worm's throbbing head pulsates.
Something gnaws heavily on your mind!
* * * LOW HITPOINT WARNING * * *
You feel your power leaking away.
Casting: Freeze (safe; 1% risk of failure)
Confirm with . or Enter, or press ? or * to list all spells.
You don't have enough magic to cast this spell.
The river rat squeaks loudly.
You hit the river rat.
The river rat is poisoned.
The river rat is severely wounded.
You hear a shout!
The river rat bites the plant.
The plant begins to die.
The wall freezes the river rat but does no damage.
The river rat bites you but does no damage.
You hit the river rat but do no damage.
The river rat looks as sick as possible!
The river rat is almost dead.
You kill the river rat!
Lugonu accepts your kill.
The brain worm's throbbing head pulsates.
Something gnaws heavily on your mind!
You die...

.~≈≈≈≈≈≈..∩..≈≈≈##
~~≈≈≈≈≈≈.~P.~≈≈≈≈#
~~≈≈≈≈≈≈...P~≈≈≈##
~≈≈≈≈≈≈≈.#~#~≈≈≈#
.≈≈≈≈≈≈≈≈#~#≈≈≈≈#
.≈≈≈≈≈≈≈ #~#≈≈≈≈#
######## #≈≈≈##
P≈≈ #≈≈≈### ###
#≈≈≈≈@# ≈≈ #≈≈≈≈##
≈≈≈ #≈≈≈≈# ≈≈≈
#≈≈≈≈# ≈≈≈ #w≈≈≈≈#
Prr.K≈## .r..~..#
~~~P.~~~.#
##~~.~~~.#


You could see a brain worm, 3 river rats and a kobold.

Vanquished Creatures
  A kobold brigand (Sewer)
  2 adders
  4 river rats (Sewer)
  3 ribbon worms
  2 dart slugs
  An orc (D:3)
  10 ball pythons
  An endoplasm (D:2)
  3 giant cockroaches (D:1)
  3 goblins
  2 hobgoblins
  2 jackals (D:2)
  2 quokkas
  9 frilled lizards
  9 kobolds
  11 rats
65 creatures vanquished.

Notes
Turn   | Place    | Note
-------+----------+-------------------------------------------
     0 | D:1      | Arcadio the Naga Ice Elementalist began the quest for the
                  | Orb.
     0 | D:1      | Reached XP level 1. HP: 15/15 MP: 3/3
   186 | D:1      | Reached XP level 2. HP: 22/22 MP: 5/5
   687 | D:2      | Reached XP level 3. HP: 23/28 MP: 2/6
  1090 | D:2      | Found a faded altar of an unknown god.
  1107 | D:2      | Prayed at the altar of an unknown god.
  1107 | D:2      | Became a worshipper of Lugonu the Unformed
  1107 | D:2      | Reached * piety under Lugonu
  1437 | D:3      | Learned a level 3 spell: Frozen Ramparts
  1448 | D:3      | Learned a level 3 spell: Ozocubu's Armour
  1469 | D:3      | Noticed a phantom
  1492 | D:3      | Reached XP level 4. HP: 36/36 MP: 4/8
  1557 | D:3      | Found a glowing drain.
  1568 | D:3      | Reached ** piety under Lugonu
  1573 | Sewer    | Entered a sewer
  1841 | Sewer    | Reached skill level 5 in Stealth
  1940 | Sewer    | Noticed a kobold brigand
  1952 | Sewer    | Killed a kobold brigand
  1953 | Sewer    | Reached skill level 5 in Ice Magic
  1953 | Sewer    | Reached XP level 5. HP: 42/42 MP: 4/9
  2057 | Sewer    | Killed from afar by a brain worm

Illustrated notes

Levels and vault maps discovered:
D:1:      mrwooster_arrival_statue, layout_rooms
D:2:      layout_rooms, hellmonk_ecumenical_altar_dog_temple,
          lexackson_kobold_supper
D:3:      layout_loops_ring, cheibrodos_sewer_entry_drain, grunt_ministairs_2
Sewer:    sewer_co_scattered_pipes

Skill      XL: |  1  2  3  4 |
---------------+-------------+-----
Stealth        | 4 5 |  5.7
Spellcasting   | 3 |  3.3
Ice Magic      | 5 |  5.0
Dodging        | |  1.5

Action                     |  1- 3 |  4- 6 || total
---------------------------+-------+-------++-------
  Melee: Unarmed           |     6 |       ||     6
         Punch             |     2 |       ||     2
         Dagger            |    22 |    31 ||    53
   Cast: Freeze            |    41 |    21 ||    62
         Frozen Ramparts   |     1 |     4 ||     5
Ability: Spit Poison       |     7 |     5 ||    12
   Stab: Sleeping          |     1 |       ||     1
 Armour: Robe              |    36 |    23 ||    59
  Dodge: Dodged            |    14 |    11 ||    25
  Block: Other             |       |     5 ||     5
